 Dungeon Sprint DCSS version 0.20-a0-556-g892c87b (webtiles) character file.

71229 dvd the Shatterer (level 13, -7/232 (234) HPs)
             Began as a Troll Berserker on Feb 4, 2017.
             Was the Champion of Trog.
             Killed from afar by Mara (illusionary) (20 damage)
             ... with a bolt of fire
             ... in the Dungeon (Sprint III: "The Ten Rune Challenge").
             The game lasted 00:36:40 (4703 turns).

dvd the Shatterer (Troll Berserker)                 Turns: 4703, Time: 00:36:42

HP:   -7/232 (234)  AC: 15    Str: 36    XL:     13   Next: 89%
MP:   13/13         EV: 18    Int:  6    God:    Trog [******]
Gold: 1050          SH:  7    Dex: 18    Spells: 12/12 levels left

rFire    + . .     SeeInvis +   a - +7 giant club of Pekusus {drain, +Inv rElec rC- Str+3}
rCold    + . .     Gourm    +   d - +2 robe {rC+ rF+}
rNeg     . . .     Faith    .   (shield currently unavailable)
rPois    +         Spirit   .   y - +2 hat {SInv}
rElec    +         Reflect  +   B - +2 cloak
rCorr    .         Harm     .   (gloves unavailable)
MR       ++...     NoTele   +   (boots unavailable)
Stlth    ..........             F - +3 amulet of reflection
Regen    1.9/turn               M - +3 ring of protection (curse)
                                i - ring of the Invisible Hand {*Drain rPois rC+ Int+3 Dex+3}

@: berserking (expiring), regenerating, heavily drained, very quick
A: unfitting armour, claws 3, large bone plates 1, agile 1, fast metabolism 3,
gourmand, mutation resistance 1, regeneration 1, screaming 1, shaggy fur 1,
tough skin 2, wild magic 1
}: 2/10 runes: decaying, serpentine
a: Berserk, Trog's Hand, Brothers in Arms, Burn Spellbooks, Renounce Religion,
Evoke Invisibility


You were in the Dungeon.
You worshipped Trog.
Trog was exalted by your worship.
You were full.

You visited 1 branch You collected 2107 gold pieces.
You spent 1057 gold pieces at shops.

Inventory:

Hand Weapons
 a - the +7 giant club of Pekusus (weapon) {drain, +Inv rElec rC- Str+3}
   (Trog gifted it to you in the Dungeon)

   A truly terrible weapon, it drains the life of those it strikes.
   It affects your strength (+3).
   It makes you vulnerable to cold.
   It insulates you from electricity.
   It lets you turn invisible.
 b - a +7 antimagic giant spiked club
 j - a +0 executioner's axe of flaming
 o - a +8 antimagic giant club
 t - a +6 longbow of freezing
 v - a +8 antimagic giant club
 w - the +10 quarterstaff of Monotheism {freeze, Int+4}
   (Trog gifted it to you in the Dungeon)

   It has been specially enchanted to freeze those struck by it, causing extra
   injury to most foes and up to half again as much damage against particularly
   susceptible opponents.
   It can also slow down cold-blooded creatures.
   It affects your intelligence (+4).
 z - a +3 antimagic broad axe
 C - the +5 giant spiked club of the Purple Skies {crush, *Slow rC++ Int+2}
   (Trog gifted it to you in the Dungeon)

   It inflicts extra damage upon your enemies.
   It affects your intelligence (+2).
   It greatly protects you from cold.
   It may slow you when you take damage.
 E - the +7 great mace "Firestarter" {inner flame, rF++}
   (Trog gifted it to you in the Dungeon)

   It has been specially enchanted to burn those struck by it, causing extra
   injury to most foes and up to half again as much damage against particularly
   susceptible opponents.
   It greatly protects you from fire.
Missiles
 A - 4 javelins (quivered)
Armour
 d - a +2 robe of resistance (worn)
 y - a +2 hat of see invisible (worn)
 B - a +2 cloak (worn)
Magical Staves
 D - an uncursed staff of air
 O - an uncursed staff of fire
Jewellery
 i - the ring of the Invisible Hand (left claw) {*Drain rPois rC+ Int+3 Dex+3}
   (You bought it in a shop in the Dungeon)

   [ring of protection from cold]

   It affects your intelligence (+3).
   It affects your dexterity (+3).
   It protects you from cold.
   It protects you from poison.
   It causes draining when unequipped.
 F - a +3 amulet of reflection (around neck)
 G - an uncursed ring of flight
 M - a cursed +3 ring of protection (right claw)
Wands
 u - a wand of iceblast (9/15)
 H - a wand of disintegration (13/24)
 L - a wand of disintegration (15/24)
Scrolls
 l - a scroll of holy word
 m - 2 scrolls of identify
 n - 3 scrolls of remove curse
 I - a scroll of blinking
Potions
 e - 2 potions of heal wounds
 f - 2 potions of haste
 g - 2 potions of magic
 h - a potion of berserk rage
 p - a potion of cure mutation
 q - 3 potions of flight
 r - a potion of might
 x - 5 potions of curing
Comestibles
 c - 4 bread rations
 k - 9 fruits
 s - 26 royal jellies


   Skills:
 + Level 17.2(14.5) Fighting
 + Level 21.6(18.8) Maces & Flails
 + Level 4.9(11.8) Staves
 + Level 3.5(1.6) Throwing
 + Level 14.0(11.4) Dodging
 + Level 5.5(3.4) Stealth
 + Level 2.2(0.3) Evocations


You had 12 spell levels left.
You didn't know any spells.

Dungeon Overview and Level Annotations

Branches:
Dungeon (1/1)

Altars:
Cheibriados
Dithmenos
Elyvilon
Fedhas
Gozag
Hepliaklqana
Kikubaaqudgha
Makhleb
Nemelex Xobeh
Okawaru
Qazlal
Ru
Sif Muna
Trog
Uskayaw
Vehumet
Xom
Yredelemnul
Zin
The Shining One
Beogh
Jiyva
Lugonu

Shops:
D (?:%?[=:}=%[(:=?*!}

Annotations:
D Chuck, Mara


Innate Abilities, Weirdness & Mutations

You are too large for most types of armour.
You have claws for hands.
Your metabolism is lightning-fast.
You like to eat raw meat.
Your natural rate of healing is unusually fast.
You are covered in fur. (AC +1)
You have very tough skin. (AC +2)
You are partially covered in large bone plates. (SH +4)
You are agile. (Dex +2)
You are somewhat resistant to further mutation.
You occasionally shout uncontrollably at your foes.
Your spells are a little harder to cast, but a little more powerful.


Message History

The vampire knight hits you from afar with a bardiche of chopping!!
* * * LOW HITPOINT WARNING * * *
x2 Dvd's illusion hits you!!
* * * LOW HITPOINT WARNING * * *
You feel drained.
* * * LOW HITPOINT WARNING * * *
You miss Mara.
Mara is moderately wounded.
Dvd's illusion misses you.
Unknown command.
You feel a strong urge to attack something.
You bludgeon Mara!!
Mara is moderately wounded.
You closely miss Mara.
Mara is moderately wounded.
You block Mara's attack. Mara gestures at you.
The bolt of fire hits Mara.
Mara resists.
The bolt of fire hits you! You resist.
You die...

.≈§§≈[..#########.#......#######*
.§§≈....#.#.#.#.#...§....#,,,,,+,
♣♣♣∩∩∩..#........§.......#,******
♣♣♣♣♣♣#........§.......#,,,+,,*
********###'##############,,,*,,,
,≈,*,,,*##...##,*§§§§§§###****,,,
,,≈*,,,##.....##+#)≈§P≈#.#,,,,,,,
,,,*+**#.......###@..P≈#.▓+******
,,,+,,,+.......'@RRR.....▓,,*,,,,
,,,*+**#.......#####.P≈#.▓,,*,,,,
,,≈*≈≈≈##.....##,,,*#P≈#.▓,,*,,**
,≈,*+*+*##...##*,*,,*#+##▓,,*,,*,
****,*,* ##+##**,**,**,,,*,,*,,*,
,,,*+*****,≈≈≈+*,**,****,*,,*,,*,
**,*,,+∩∩*,≈≈,*,,**,,,,,,*,,*,,*,
**,****∩∩*,≈≈,*******+****,,*,,*+
*,,,***,,*,,≈,*,,+≈⌠,,,≈,*,,*,,*,


You could see 3 Maras and dvd's illusion (berserk).

Vanquished Creatures
  Xtahua (D)
  Rupert (D)
  Gastronok (D)
  Dowan (D)
  A nagaraja (D)
  A vampire knight (D)
  A dire elephant (D)
  2 fire dragons (D)
  A yaktaur captain (D)
  2 hydras (D)
  2 anacondas (D)
  A naga warrior (D)
  2 centaur warriors (D)
  4 dancing weapons (D)
  Urug (D)
  A death drake (D)
  A spriggan druid (D)
  An unseen horror (D)
  An obsidian statue (D)
  A lindwurm (D)
  A deep elf mage (D)
  4 ugly things (D)
  4 crystal guardians (D)
  2 elephants (D)
  A moth of wrath (shapeshifter) (D)
  4 black mambas (D)
  A molten gargoyle (D)
  4 statues (D)
  A guardian serpent (D)
  2 spiny frogs (D)
  Duvessa (D)
  A rime drake (D)
  A komodo dragon (D)
  3 wandering mushrooms (D)
  4 spriggan defenders (D)
  2 tyrant leeches (D)
  An orc high priest (D)
  7 blink frogs (D)
  A slime creature (shapeshifter) (D)
  2 slime creatures (D)
  2 spriggans (D)
  A shadow (D)
  3 redbacks (D)
  2 nagas (D)
  A water moccasin (D)
  A spatial vortex (D)
  2 hell hounds (D)
  2 hydra simulacra (D)
  A fire dragon simulacrum (D)
  A swamp drake (D)
  A black mamba simulacrum (D)
  A necrophage (D)
  2 centaurs (D)
  An earth elemental (D)
  A water elemental (D)
  20 killer bees (D)
  4 orc priests (D)
  A jelly (D)
  A wizard (D)
  Jessica (D)
  A necromancer (D)
  A kobold demonologist (D)
  3 humans (D)
  A wolf (D)
  2 adders (D)
  2 oozes (D)
  2 orcs (D)
  A rat (D)
  7 bushes (D)
  3 plants (D)
146 creatures vanquished.

Vanquished Creatures (collateral kills)
  A dire elephant (D)
  Erica (D)
  4 death yaks (D)
  An orc sorcerer (D)
  4 black mambas (D)
  A queen bee (D)
  A blink frog (D)
  A water moccasin (D)
  2 orc warriors (D)
  12 killer bees (D)
  An orc priest (D)
  2 orc wizards (D)
  An adder (D)
  9 orcs (D)
41 creatures vanquished.

Vanquished Creatures (others)
  2 draconian scorchers (D)
  A hydra (D)
  6 hellions (D)
  2 yaktaurs (D)
  An electric eel (D)
  A bush (D)
  9 plants (D)
22 creatures vanquished.

Grand Total: 209 creatures vanquished

Notes
Turn   | Place    | Note
-------+----------+-------------------------------------------
     0 | D        | dvd the Troll Berserker began the quest for the Orb.
     0 | D        | Reached XP level 1. HP: 22/22 MP: 0/0
    13 | D        | Reached skill level 3 in Maces & Flails
    16 | D        | Reached XP level 2. HP: 14/31 MP: 1/1
    57 | D        | Noticed Jessica
    62 | D        | Killed Jessica
    62 | D        | Reached ** piety under Trog
    62 | D        | Reached skill level 4 in Maces & Flails
    62 | D        | Reached XP level 3. HP: 39/39 MP: 2/2
   103 | D        | Killed a hellion
   125 | D        | Reached *** piety under Trog
   125 | D        | Reached skill level 5 in Maces & Flails
   125 | D        | Reached XP level 4. HP: 48/48 MP: 3/3
   126 | D        | Killed a hellion
   128 | D        | Killed a hellion
   153 | D        | Killed a hellion
   167 | D        | Killed a yaktaur
   172 | D        | Gained mutation: Your spells are a little harder to cast, but a little more powerful. [potion of mutation]
   172 | D        | Gained mutation: You are partially covered in large bone plates. (SH +4) [potion of mutation]
   172 | D        | Gained mutation: You are agile. (Dex +2) [potion of mutation]
   173 | D        | Gained mutation: You are somewhat resistant to further mutation. [potion of mutation]
   175 | D        | Gained mutation: You occasionally shout uncontrollably at your foes. [potion of mutation]
   180 | D        | Noticed a water elemental
   184 | D        | Killed a water elemental
   184 | D        | Reached skill level 6 in Maces & Flails
   196 | D        | Killed a white draconian scorcher
   204 | D        | Killed a white draconian scorcher
   205 | D        | Killed a hellion
   232 | D        | Found a radiant altar of Vehumet.
   232 | D        | Found a deep blue altar of Sif Muna.
   232 | D        | Found an ancient bone altar of Kikubaaqudgha.
   232 | D        | Noticed a wizard
   234 | D        | Killed a wizard
   234 | D        | Reached skill level 5 in Fighting
   234 | D        | Reached skill level 5 in Dodging
   234 | D        | Reached XP level 5. HP: 57/57 MP: 4/4
   241 | D        | Reached **** piety under Trog
   241 | D        | Reached skill level 7 in Maces & Flails
   257 | D        | Killed a hellion
   275 | D        | Found a glowing silver altar of Zin.
   275 | D        | Found a glowing golden altar of the Shining One.
   275 | D        | Found a white marble altar of Elyvilon.
   276 | D        | Noticed a deep elf mage
   302 | D        | Killed a deep elf mage
   302 | D        | Reached ***** piety under Trog
   302 | D        | Reached skill level 10 in Maces & Flails
   302 | D        | Reached XP level 6. HP: 43/71 MP: 5/5
   302 | D        | Reached XP level 7. HP: 47/78 MP: 6/6
   351 | D        | Found a hide-covered altar of Uskayaw.
   351 | D        | Found a roughly hewn altar of Beogh.
   351 | D        | Found an iron altar of Okawaru.
   351 | D        | Found a bloodstained altar of Trog.
   351 | D        | Noticed a human
   352 | D        | Noticed a human
   355 | D        | Killed a human
   367 | D        | Killed a human
   367 | D        | Reached skill level 11 in Maces & Flails
   417 | D        | Found a basalt altar of Yredelemnul.
   417 | D        | Found a shadowy altar of Dithmenos.
   417 | D        | Found a sacrificial altar of Ru.
   468 | D        | Noticed a shadow
   472 | D        | Killed a shadow
   472 | D        | Reached XP level 8. HP: 88/88 MP: 7/7
   507 | D        | Found a blossoming altar of Fedhas.
   507 | D        | Found a stormy altar of Qazlal.
   507 | D        | Found a snail-covered altar of Cheibriados.
   507 | D        | Found a burning altar of Makhleb.
   507 | D        | Found a shimmering altar of Xom.
   508 | D        | Found a hazy altar of Hepliaklqana.
   508 | D        | Found an opulent altar of Gozag.
   508 | D        | Found a sparkling altar of Nemelex Xobeh.
   508 | D        | Found a corrupted altar of Lugonu.
   508 | D        | Found a viscous altar of Jiyva.
   519 | D        | Reached skill level 12 in Maces & Flails
   531 | D        | Noticed Erica
   539 | D        | Killed Erica
   539 | D        | Reached skill level 1 in Stealth
   568 | D        | Reached ****** piety under Trog
   573 | D        | Noticed an orc sorcerer
   579 | D        | Paralysed by an orc sorcerer for 4 turns
   588 | D        | Killed an orc sorcerer
   588 | D        | Received a gift from Trog
   588 | D        | Reached skill level 13 in Maces & Flails
   589 | D        | Got a shimmering giant club {god gift}
   590 | D        | Identified the +7 giant club of Pekusus {drain, +Inv rElec rC- Str+3} (Trog gifted it to you in the Dungeon)
   597 | D        | Received a gift from Trog
   597 | D        | Reached XP level 9. HP: 77/98 MP: 8/8
   605 | D        | Found Hunaoph's Food Emporium.
   689 | D        | Noticed a centaur warrior
   695 | D        | Killed a centaur warrior
   695 | D        | Reached skill level 14 in Maces & Flails
   755 | D        | Killed an unseen horror
   755 | D        | Received a gift from Trog
   755 | D        | Reached skill level 10 in Fighting
   793 | D        | Noticed a wandering mushroom
   797 | D        | Noticed a wandering mushroom
   799 | D        | Noticed a wandering mushroom
   800 | D        | Killed a wandering mushroom
   808 | D        | Reached skill level 15 in Maces & Flails
   813 | D        | Reached XP level 10. HP: 90/111 MP: 9/9
   847 | D        | Noticed a spiny frog
   847 | D        | Noticed a spiny frog
   848 | D        | Killed a spiny frog
   852 | D        | Killed a spiny frog
   854 | D        | Received a gift from Trog
   932 | D        | Reached skill level 16 in Maces & Flails
  1009 | D        | Received a gift from Trog
  1070 | D        | Noticed Rupert
  1074 | D        | Paralysed by Rupert for 3 turns
  1088 | D        | Killed Rupert
  1088 | D        | Reached skill level 17 in Maces & Flails
  1088 | D        | Reached skill level 10 in Dodging
  1088 | D        | Reached XP level 11. HP: 106/123 MP: 10/10
  1120 | D        | Noticed a death yak
  1121 | D        | Noticed a death yak
  1122 | D        | Noticed a death yak
  1126 | D        | Noticed a death yak
  1126 | D        | Killed a death yak
  1130 | D        | Killed a death yak
  1131 | D        | Killed a death yak
  1137 | D        | Killed a death yak
  1169 | D        | Noticed an azure jelly
  1169 | D        | Noticed an azure jelly
  1180 | D        | Reached skill level 18 in Maces & Flails
  1186 | D        | Received a gift from Trog
  1189 | D        | Got an ichor-stained quarterstaff {god gift}
  1190 | D        | Identified the +10 quarterstaff of Monotheism {freeze, Int+4} (Trog gifted it to you in the Dungeon)
  1265 | D        | Killed a five-headed hydra
  1315 | D        | Noticed an azure jelly
  1315 | D        | Noticed an azure jelly
  1317 | D        | Noticed a dire elephant
  1317 | D        | Noticed a dire elephant
  1317 | D        | Noticed Gastronok
  1321 | D        | Killed a dire elephant
  1324 | D        | Killed a dire elephant
  1337 | D        | Killed Gastronok
  1337 | D        | Received a gift from Trog
  1337 | D        | Reached skill level 19 in Maces & Flails
  1470 | D        | Received a gift from Trog
  1489 | D        | Received a gift from Trog
  1514 | D        | Reached XP level 12. HP: 104/136 MP: 11/11
  1542 | D        | Received a gift from Trog
  1631 | D        | Noticed Dowan
  1631 | D        | Noticed Duvessa
  1636 | D        | Killed Dowan
  1644 | D        | Killed Duvessa
  1728 | D        | Reached skill level 1 in Evocations
  1782 | D        | Received a gift from Trog
  1816 | D        | Noticed Urug
  1822 | D        | Killed Urug
  1858 | D        | Noticed a six-headed hydra
  1858 | D        | Noticed an eight-headed hydra
  1866 | D        | Killed an eight-headed hydra
  1869 | D        | Killed a six-headed hydra
  1874 | D        | Reached skill level 20 in Maces & Flails
  2070 | D        | Found a blossoming altar of Fedhas.
  2073 | D        | Received a gift from Trog
  2135 | D        | Got a bloodstained giant spiked club {god gift}
  2136 | D        | Identified the +4 giant spiked club of Inconvenience {crush, +Blink Int+3 Dex-5} (Trog gifted it to you in the Dungeon)
  2212 | D        | Received a gift from Trog
  2244 | D        | Noticed an anaconda
  2244 | D        | Noticed an anaconda
  2247 | D        | Killed an anaconda
  2253 | D        | Reached skill level 1 in Throwing
  2254 | D        | Killed an anaconda
  2254 | D        | Received a gift from Trog
  2254 | D        | Reached skill level 15 in Fighting
  2371 | D        | Noticed a naga warrior
  2371 | D        | Noticed a nagaraja
  2373 | D        | Found Eseoz's Antique Weapon Boutique.
  2373 | D        | Found Noige Agu's Magic Scroll Emporium.
  2384 | D        | Killed a nagaraja
  2394 | D        | Killed a naga warrior
  2394 | D        | Reached XP level 13. HP: 56/149 MP: 13/13
  2397 | D        | Received a gift from Trog
  2551 | D        | Found Wadeh's Book Shop.
  2570 | D        | Got a serpentine rune of Zot
  3025 | D        | Received a gift from Trog
  3137 | D        | Found Qeitodu's Antique Weapon Emporium.
  3137 | D        | Found Kiula Qod's Jewellery Shop.
  3137 | D        | Found Qaum's Food Boutique.
  3137 | D        | Found Feerah's Gadget Shoppe.
  3137 | D        | Found Zuocuck's Antique Armour Boutique.
  3137 | D        | Found Biab's Book Emporium.
  3137 | D        | Found Cacah's Jewellery Shoppe.
  3137 | D        | Found Fiqil's Distillery.
  3137 | D        | Found Vintatuf's Gadget Shop.
  3137 | D        | Found Jongika's General Store.
  3137 | D        | Found Qiotuyfenix's Book Emporium.
  3137 | D        | Found Vifol's Magic Scroll Boutique.
  3187 | D        | Bought the ring of the Invisible Hand {*Drain rPois rC+ Int+3 Dex+3} for 561 gold pieces
  3189 | D        | Bought a cloak for 99 gold pieces
  3207 | D        | Bought a +3 amulet of reflection for 172 gold pieces
  3295 | D        | Received a gift from Trog
  3298 | D        | Got an ivory giant spiked club {god gift}
  3299 | D        | Identified the +5 giant spiked club of the Purple Skies {crush, *Slow rC++ Int+2} (Trog gifted it to you in the Dungeon)
  3520 | D        | Noticed Xtahua
  3525 | D        | Paralysed by Xtahua for 5 turns
  3532 | D        | Noticed a fire dragon
  3535 | D        | Killed Xtahua
  3535 | D        | Reached skill level 21 in Maces & Flails
  3535 | D        | Reached skill level 1 in Staves
  3683 | D        | Found Tiocwimi's Magic Scroll Emporium.
  3683 | D        | Found Fubror's Antique Armour Shop.
  3684 | D        | Found Ibadwes's Jewellery Shoppe.
  3700 | D        | Killed a fire dragon
  3700 | D        | Reached skill level 5 in Stealth
  3727 | D        | Bought a scroll of blinking for 75 gold pieces
  3727 | D        | Bought a scroll of enchant armour for 75 gold pieces
  3727 | D        | Bought a scroll of enchant armour for 75 gold pieces
  3763 | D        | Got a decaying rune of Zot
  3900 | D        | Received a gift from Trog
  3909 | D        | Received a gift from Trog
  4152 | D        | Noticed a fire dragon
  4158 | D        | Killed a fire dragon
  4202 | D        | Received a gift from Trog
  4310 | D        | Noticed Chuck
  4591 | D        | Received a gift from Trog
  4680 | D        | Noticed Mara
  4681 | D        | Noticed a vampire knight
  4681 | D        | Noticed a vampire knight
  4690 | D        | Noticed dvd's illusion
  4694 | D        | Killed a vampire knight
  4698 | D        | HP: 8/232 [dvd's illusion[Mara] (9)]
  4703 | D        | Killed from afar by Mara (illusionary)

Vault maps used:
D:        dungeon_sprint_mu

Skill      XL: |  1  2  3  4  5  6  7  8  9 10 11 12 13 |
---------------+----------------------------------------+-----
Maces & Flails | 3 4 5 6 10 11 13 15 17 19 20 21 | 21.6
Fighting       | 3 4 5 7 8 9 10 11 13 15 17 | 17.2
Dodging        | 3 4 5 6 7 8 9 10 11 12 14 | 14.0
Stealth        | 1 2 3 4 5 |  5.5
Evocations     | 1 2 |  2.2
Throwing       | 1 3 |  3.5
Staves         | 4 |  4.9

Action                   |  1- 3 |  4- 6 |  7- 9 | 10-12 | 13-15 || total
-------------------------+-------+-------+-------+-------+-------++-------
Melee: Mace              |    24 |    30 |    48 |       |       ||   102
       Giant club        |       |       |    21 |   175 |    96 ||   292
       Great mace        |       |       |       |    11 |    53 ||    64
       Quarterstaff      |       |       |       |       |    13 ||    13
       Giant spiked club |       |       |       |       |     1 ||     1
Throw: Javelin           |       |       |       |     5 |     4 ||     9
Invok: Berserk           |     2 |     2 |     4 |     4 |     2 ||    14
       Burn Spellbooks   |       |     1 |       |       |       ||     1
       Brothers in Arms  |       |       |     2 |     4 |     2 ||     8
       Trog's Hand       |       |       |     1 |     1 |     3 ||     5
 Abil: Evoke Invisibilit |       |       |       |     1 |       ||     1
Evoke: Wand              |       |       |       |       |     4 ||     4
  Use: Potion            |       |     4 |     1 |     1 |     2 ||     8
       Scroll            |       |       |     2 |       |     8 ||    10
 Stab: Sleeping          |       |       |       |     1 |     2 ||     3
       Distracted        |       |       |       |       |     1 ||     1
  Eat: Chunk             |     3 |     8 |    11 |    20 |    17 ||    59
       Meat ration       |       |       |       |       |     1 ||     1
Armor: Animal skin       |     5 |     1 |     3 |       |       ||     9
       Robe              |       |       |    14 |    19 |    21 ||    54
Dodge: Dodged            |    10 |     8 |    31 |   123 |    49 ||   221
Block: Other             |       |     1 |     7 |    28 |    21 ||    57
       Reflection        |       |       |       |       |     3 ||     3
